Map: Ruins of Seras

Players

iaguz - Winner!

  • Race: Terran Terran

Pseudorandom

VOD

Have the link to the VOD?

Description

Time

  • Played on: April 2, 2015, 12:20 a.m.
  • Length: 10:13
Show
View Real Time Build Order
Export as new Build Order

iaguz Terran - Winner!

Build Orders: MMM Bio, Siege Tank Drop 

Get SALT Encoding   

  12  0:01  SCV  
  13  0:13  SCV  
  14  0:17  Supply Depot  
  14  0:27  SCV  
  15  0:39  SCV  
  15  0:42  Barracks  
  16  0:51  SCV  
  17  1:03  SCV  
  18  1:15  Command Center  
  18  1:18  SCV  
  19  1:29  Marine  
  19  1:30  Orbital Command  
  20  1:38  Refinery  
  20  1:41  Refinery  
  20  1:47  Marine  
  21  1:57  SCV  
  22  2:09  SCV  
  23  2:16  Bunker  
  23  2:24  Factory  
  23  2:26  SCV  
  23  2:27  Orbital Command  
  23  2:29  Barracks Tech Lab  
  24  2:38  SCV  
  24  2:41  Bunker  
  25  2:45  Refinery  
  25  2:50  SCV  
  26  2:53  SCV  
  27  3:03  SCV, Marine  
  27  3:05  SCV  
  30  3:09  Starport  
  30  3:12  Supply Depot  
  30  3:14  Siege Tank  
  30  3:15  SCV  
  34  3:20  SCV  
  34  3:22  Marine  
  37  3:27  SCV  
  37  3:32  SCV  
  38  3:36  Supply Depot  
  38  3:39  SCV  
  38  3:40  Marine  
  40  3:44  SCV  
  40  3:47  Siege Tank, Medivac  
  40  3:48  Supply Depot x2  
  45  3:53  SCV  
  46  3:57  SCV  
  46  3:58  Marine  
  48  4:07  SCV  
  50  4:10  SCV  
  50  4:15  Command Center  
  50  4:17  Barracks Tech Lab  
  50  4:19  Siege Tank  
  50  4:24  SCV  
  54  4:28  Medivac  
  54  4:29  SCV  
  57  4:36  SCV, Stimpack, Marine  
  57  4:37  Supply Depot  
  59  4:41  SCV, Refinery  
  60  4:48  SCV, Supply Depot  
  61  4:53  SCV, Marine  
  66  5:00  SCV  
  64  5:14  SCV x2  
  64  5:15  Engineering Bay x2  
  64  5:16  Barracks  
  64  5:17  Barracks  
  66  5:22  Marine, Starport Reactor  
  66  5:27  SCV, Factory Reactor  
  66  5:28  Barracks x2  
  68  5:37  Orbital Command  
  68  5:40  Marine  
  69  5:44  SCV x2  
  69  5:45  Terran Infantry Weapons Level 1, Terran Infantry Armor Level 1  
  71  5:56  SCV x2  
  73  5:59  Medivac x2, Marine  
  73  6:02  Missile Turret  
  70  6:06  Barracks Reactor x2, Missile Turret  
  70  6:08  SCV  
  69  6:12  Missile Turret  
  69  6:13  Missile Turret  
  69  6:17  Barracks Reactor x2, Missile Turret, Marine  
  70  6:19  Widow Mine  
  70  6:21  Widow Mine  
  74  6:28  SCV x2  
  74  6:29  Orbital Command  
  74  6:31  Supply Depot  
  76  6:38  Marine  
  77  6:43  Marine x2  
  77  6:45  Marine x2  
  81  6:47  SCV x2  
  81  6:53  Supply Depot, Armory, Widow Mine x2, Marine x4  
  89  6:54  Supply Depot, SCV  
  89  6:56  Marine  
  89  6:59  SCV x2  
  89  7:00  Combat Shields  
  95  7:09  Marine x4  
  95  7:11  Marine  
  95  7:14  SCV  
  95  7:15  SCV x2, Supply Depot  
  103  7:16  Supply Depot x2, Marine x2  
  103  7:17  Supply Depot  
  103  7:19  Factory  
  104  7:26  SCV  
  105  7:34  Widow Mine x2, Marine x5  
  114  7:38  SCV x2  
  114  7:41  Supply Depot, Terran Infantry Weapons Level 2  
  114  7:43  Terran Infantry Armor Level 2  
  116  7:48  SCV  
  116  7:50  SCV x2  
  118  7:52  Marine x2  
  119  8:01  Marine x4  
  119  8:02  Marine x3  
  126  8:09  Barracks  
  126  8:11  Marine  
  126  8:12  Barracks  
  112  8:21  Marine  
  112  8:22  Widow Mine x2, Marine x6  
  112  8:26  Marine  
  111  8:29  Marine  
  111  8:32  Cyclone  
  115  8:36  Refinery  
  115  8:37  Factory  
  115  8:39  Marine x2  
  117  8:46  Marine  
  117  8:47  Factory, Marine x3  
  121  8:50  Marine x2  
  121  8:52  Marine  
  121  8:53  Widow Mine x2  
  128  8:57  Marine  
  128  9:00  Marine  
  132  9:04  Marine x2  
  132  9:05  Marine x2  
  132  9:09  Marine  
  137  9:12  Marine  
  137  9:14  Cyclone, Medivac  
  137  9:15  Marine  
  142  9:21  Barracks Reactor  
  142  9:22  Barracks Reactor  
  142  9:23  Command Center, Factory Tech Lab  
  142  9:27  Marine x4  
  146  9:32  Factory Tech Lab  
  146  9:33  Marine x2, Medivac  
  148  9:51  Marine x6  
Show
View Real Time Build Order
Export as new Build Order

Pseudorandom Zerg 

Build Orders: Hatch First, Lurkers, Muta Ling Bane 

Get SALT Encoding   

  12  0:00  Drone  
  13  0:08  Drone  
  14  0:17  Overlord  
  14  0:25  Drone, Extractor  
  15  0:37  Drone  
  16  0:50  Hatchery  
  16  0:54  Drone  
  16  0:59  Drone  
  17  1:13  Spawning Pool  
  17  1:15  Drone  
  17  1:19  Drone  
  17  1:25  Drone  
  19  1:31  Extractor  
  18  1:34  Drone  
  18  1:39  Drone  
  20  1:47  Overlord  
  20  2:01  Queen  
  20  2:02  Queen  
  20  2:03  Zergling x2  
  20  2:04  Drone  
  26  2:12  Drone  
  26  2:15  Drone  
  28  2:20  Drone  
  29  2:29  Drone  
  30  2:31  Drone  
  30  2:35  Drone  
  30  2:36  Metabolic Boost  
  32  2:39  Queen  
  32  2:43  Overlord  
  34  2:49  Drone  
  34  2:54  Drone  
  35  3:03  Drone  
  36  3:09  Lair  
  36  3:10  Spine Crawler  
  36  3:11  Zergling x6  
  36  3:12  Zergling x2, Extractor  
  38  3:18  Drone x2  
  40  3:20  Drone  
  40  3:22  Drone  
  40  3:23  Extractor  
  41  3:29  Drone x2  
  43  3:39  Drone  
  44  3:44  Overlord  
  44  3:46  Overlord  
  44  4:00  Spine Crawler  
  42  4:03  Drone x4  
  42  4:04  Drone x2  
  42  4:09  Drone, Spire  
  48  4:11  Extractor  
  48  4:13  Drone x2  
  48  4:16  Overlord  
  49  4:21  Overlord  
  49  4:28  Drone x2  
  51  4:38  Hatchery  
  50  5:04  Overlord  
  50  5:05  Overlord  
  50  5:06  Drone x3  
  51  5:20  Evolution Chamber x2  
  49  5:21  Mutalisk x4  
  49  5:22  Mutalisk x2, Baneling Nest  
  49  5:24  Mutalisk  
  49  5:28  Mutalisk  
  62  5:34  Zergling x4  
  66  5:40  Overlord  
  66  5:41  Drone x2  
  68  5:50  Drone  
  69  6:03  Zerg Melee Weapons Level 1  
  69  6:04  Zerg Ground Armor Level 1  
  69  6:07  Drone x4  
  69  6:08  Drone x2, Hydralisk Den  
  74  6:12  Drone x4  
  74  6:17  Queen  
  80  6:19  Drone  
  80  6:23  Lurker Den  
  81  6:28  Drone  
  81  6:31  Centrifical Hooks  
  82  6:34  Drone x3  
  84  6:46  Drone x3  
  87  6:50  Overlord x2, Extractor  
  87  6:52  Extractor  
  85  6:56  Overlord  
  85  6:57  Drone x3  
  85  7:00  Zergling x8  
  92  7:09  Hatchery  
  92  7:13  Zergling x8  
  92  7:14  Baneling x2  
  95  7:23  Hydralisk  
  95  7:24  Hydralisk x3  
  101  7:41  Overlord x2  
  101  7:45  Baneling  
  101  7:46  Baneling x3  
  101  7:50  Zergling x2  
  101  7:51  Zergling x16  
  110  7:53  Lurker x4  
  113  7:58  Baneling  
  113  7:59  Baneling x4  
  83  8:22  Zergling x2  
  83  8:23  Zergling x30  
  91  8:34  Infestation Pit  
  91  8:37  Hydralisk x4  
  91  8:40  Overlord  
  98  8:42  Drone x3  
  98  8:44  Drone x3  
  102  8:54  Overseer x2  
  97  8:59  Spore Crawler  
  92  9:04  Lurker x3  
  81  9:18  Lurker  
  81  9:19  Zergling x24  
  91  9:30  Hatchery, Hydralisk x3  
  93  9:49  Hydralisk x2  
  94  10:04  Lurker  
  87  10:07  Lurker  
Tags
 
Add a new tag
Caveats
  • Supply blocks, unpowered buildings, or Contaminate may cause inaccurate times.
  • Supply counts are checked every 10 seconds.